 Dungeon Crawl Stone Soup version 0.18.1-8-gdd0e5ea (webtiles) character file.

11783 shmeve the Blocker (level 11, -8/153 HPs)
             Began as a Minotaur Berserker on May 22, 2016.
             Was a High Priest of Trog.
             Mangled by an eight-headed hydra (14 damage)
             ... on level 3 of the Lair of Beasts.
             The game lasted 00:21:53 (10539 turns).

shmeve the Blocker (Minotaur Berserker)            Turns: 10539, Time: 00:21:54

Health: -8/153     AC: 10    Str: 26    XL:     11   Next: 53%
Magic:  10/10      EV: 13    Int:  4    God:    Trog [*****.]
Gold:   679        SH: 13    Dex: 11    Spells: 0 memorised, 10 levels left

rFire  . . .     SeeInvis +     P - +1 broad axe (elec)
rCold  . . .     Gourm    .     A - +4 ring mail "Dyadoor" {rElec rPois Regen+ Str-3}
rNeg   + . .     Faith    .     J - +0 shield
rPois  +         Spirit   .     (helmet restricted)
rElec  +         Dismiss  .     (no cloak)
rCorr  .         Reflect  .     (no gloves)
SustAt .         Harm     .     (no boots)
MR     ++...                    (no amulet)
Stlth  ..........               F - ring of positive energy
                                p - ring of see invisible

@: berserking, regenerating, very quick, very resistant to hostile enchantments,
extremely unstealthy
A: retaliatory headbutt, horns 2
a: Berserk, Trog's Hand, Brothers in Arms, Burn Spellbooks, Renounce Religion


You were on level 3 of the Lair of Beasts.
You worshipped Trog.
Trog was extremely pleased with you.
You were very hungry.

You visited 2 branches of the dungeon, and saw 11 of its levels.
You also visited: Sewer and Ossuary.

You collected 679 gold pieces.

Inventory:

Hand Weapons
 P - a +1 broad axe of electrocution (weapon)
Armour
 A - the +4 ring mail "Dyadoor" (worn) {rElec rPois Regen+ Str-3}
   (You found it on level 5 of the Dungeon)

   It affects your strength (-3).
   It insulates you from electricity.
   It protects you from poison.
   It increases your rate of regeneration.
 J - a +0 shield (worn)
Jewellery
 p - a ring of see invisible (left hand)
 C - an uncursed ring of wizardry {unknown}
 F - a ring of positive energy (right hand)
Wands
 a - a wand of digging (14/24)
 B - a wand of confusion (19/48)
 I - a wand of digging (10/24)
 K - a wand of confusion (13/48)
 O - a wand of flame (33/48)
Scrolls
 d - 3 scrolls of enchant weapon {unknown}
 f - 3 scrolls of immolation {unknown}
 h - 4 scrolls of remove curse {unknown}
 i - 3 scrolls of noise {unknown}
 j - 2 scrolls of recharging {unknown}
 l - 4 scrolls of enchant armour {unknown}
 m - 16 scrolls of identify {unknown}
 n - 3 scrolls of magic mapping {unknown}
 o - 4 scrolls of amnesia {unknown}
 r - a scroll of blinking {unknown}
 u - 6 scrolls of fog {unknown}
 y - a scroll of fear {unknown}
 z - 6 scrolls of teleportation {unknown}
 G - a scroll of random uselessness {unknown}
 M - a scroll of summoning {unknown}
Potions
 e - 2 potions of invisibility {unknown}
 k - 5 potions of curing {unknown}
 q - 3 potions of magic {unknown}
 s - 2 potions of brilliance {unknown}
 t - 2 potions of degeneration {unknown}
 v - 5 potions of agility {unknown}
 w - a potion of mutation {unknown}
 x - a potion of heal wounds {unknown}
 E - 3 potions of lignification {unknown}
 H - a potion of cure mutation {unknown}
 L - a potion of might {unknown}
 N - a potion of cancellation {unknown}
Comestibles
 b - 6 beef jerkies
 c - 7 bread rations
 g - 5 meat rations
 D - a slice of pizza
 Q - 6 fruits


   Skills:
 * Level 11.1 Fighting
 * Level 11.0 Axes
 + Level 7.6 Armour
 + Level 7.1 Dodging
 * Level 12.2 Shields


You had 10 spell levels left.
You didn't know any spells.

Dungeon Overview and Level Annotations

Branches:
Dungeon (8/15)             Temple (0/1) D:7            Lair (3/8) D:8
 Shoals (0/4) Lair:3
  Snake: Lair:3-6    Spider: Lair:3-6

Altars:
Ashenzari
Cheibriados
Qazlal
Ru
Trog
Zin
The Shining One


Innate Abilities, Weirdness & Mutations

You reflexively headbutt those who attack you in melee.
You have a pair of horns on your head.


Message History

The seven-headed hydra is heavily wounded.
The seven-headed hydra closely misses you.
The seven-headed hydra bites you!
* * * LOW HITPOINT WARNING * * *
The seven-headed hydra bites you.
* * * LOW HITPOINT WARNING * * *
The seven-headed hydra bites you.
* * * LOW HITPOINT WARNING * * *
The seven-headed hydra barely misses you.
You block the seven-headed hydra's attack.
The seven-headed hydra bites you!
* * * LOW HITPOINT WARNING * * *
You lop one of the seven-headed hydra's heads off!
The six-headed hydra grows two more!
You slash the eight-headed hydra!
There is a sudden explosion of sparks!
You headbutt the eight-headed hydra!
The eight-headed hydra is severely wounded.
You block the eight-headed hydra's attack. x2
The eight-headed hydra closely misses you.
The eight-headed hydra bites you!
You die...

.....#P#### #.##P†#)(.#
.......<..###....†..###
......>#.#.##.......#
P............#....P.###
........#.#...........##
........##..<.........P#
........ ###..........##
###..... .##.#........#
##.... .......@.....#
.###. ....##D.........
....#..)........#
.........[.....#
./.##.......... .....
#....##.... #... .....#
##. #P>. ......


You could see an eight-headed hydra.

Vanquished Creatures
  Pikel (D:6)
  The ghost of dialectric the Sneak, a novice FoEn of Dithmenos (D:4)
  2 black mambas (Lair:2)
  2 sirens (Lair:3)
  A spiny frog (Lair:2)
  2 komodo dragons
  2 merfolk (Lair:3)
  A two-headed ogre (D:8)
  7 blink frogs (Lair:2)
  Grinder (D:3)
  A wyvern (D:8)
  A yak (Lair:1)
  A hippogriff (Lair:1)
  7 porcupines
  4 water moccasins
  10 ice beasts
  5 phantoms
  A black bear (D:6)
  4 slaves (D:6)
  4 ogres
  A necrophage (D:7)
  3 wolves (Lair:2)
  2 centaurs
  6 crocodiles
  4 big kobolds (Sewer)
  6 giant frogs
  A wyvern skeleton (D:8)
  5 scorpions
  3 wights (D:6)
  4 howler monkeys
  4 crimson imps
  A giant frog zombie (D:5)
  2 hounds (D:8)
  4 orc priests
  A giant frog skeleton (D:5)
  2 orc wizards (D:6)
  4 iguanas
  A centaur skeleton (D:5)
  Natasha (D:4)
  5 worker ants
  13 mummies
  A hound zombie (D:6)
  12 adders
  21 river rats
  A white imp (D:5)
  9 oozes
  2 adder zombies (D:6)
  2 adder skeletons
  6 worms
  3 dart slugs
  8 giant geckos
  18 orcs
  5 ball pythons
  8 bats
  6 giant cockroaches
  9 hobgoblins
  11 jackals
  A quokka (D:6)
  A giant cockroach zombie (D:5)
  A giant gecko skeleton (D:5)
  A giant gecko zombie (D:6)
  2 giant newts
  2 gnoll skeletons (Ossuary)
  8 goblins
  2 goblin skeletons (Ossuary)
  A goblin zombie (D:8)
  A hobgoblin zombie (D:8)
  12 kobolds
  A kobold skeleton (Ossuary)
  3 orc skeletons (Ossuary)
  A quokka skeleton (D:7)
  8 rats
  11 rat skeletons (Ossuary)
309 creatures vanquished.

Notes
Turn   | Place    | Note
--------------------------------------------------------------
     0 | D:1      | shmeve the Minotaur Berserker began the quest for the Orb.
     0 | D:1      | Reached XP level 1. HP: 19/19 MP: 0/0
   628 | D:1      | Reached XP level 2. HP: 27/27 MP: 1/1
  1000 | D:2      | Reached ** piety under Trog
  1006 | D:2      | Reached XP level 3. HP: 30/34 MP: 2/2
  1322 | D:2      | Reached XP level 4. HP: 32/41 MP: 3/3
  1390 | D:2      | Found a snail-covered altar of Cheibriados.
  2077 | D:3      | Reached skill level 5 in Fighting
  2153 | D:3      | Noticed Grinder
  2162 | D:3      | Killed Grinder
  2162 | D:3      | Reached skill level 5 in Axes
  2162 | D:3      | Reached XP level 5. HP: 25/50 MP: 4/4
  2162 | D:3      | Reached XP level 6. HP: 28/57 MP: 5/5
  2531 | D:3      | Found a sacrificial altar of Ru.
  2537 | D:3      | Reached *** piety under Trog
  2763 | D:4      | Reached XP level 7. HP: 48/64 MP: 6/6
  2810 | D:4      | Noticed dialectric's ghost (novice FoEn)
  2822 | D:4      | Killed dialectric's ghost
  2822 | D:4      | Reached skill level 5 in Armour
  3045 | D:4      | Reached XP level 8. HP: 41/74 MP: 7/7
  3320 | D:4      | Found a glowing drain.
  3332 | Sewer    | Entered a sewer
  4035 | Sewer    | Reached skill level 5 in Dodging
  4156 | Sewer    | Reached **** piety under Trog
  4789 | D:4      | Found a glowing golden altar of the Shining One.
  4803 | D:4      | Noticed Natasha
  4813 | D:4      | Killed Natasha
  5057 | D:5      | Entered Level 5 of the Dungeon
  5580 | D:5      | Got a brightly glowing ring mail
  5600 | D:5      | Identified the +4 ring mail "Dyadoor" {rElec rPois Regen+ Str-3} (You found it on level 5 of the Dungeon)
  5785 | D:5      | Reached XP level 9. HP: 69/83 MP: 8/8
  5860 | D:5      | Found a stormy altar of Qazlal.
  5861 | D:5      | Found a glowing silver altar of Zin.
  6158 | D:6      | Noticed Pikel
  6181 | D:6      | Killed Pikel
  6313 | D:6      | Reached skill level 10 in Fighting
  6754 | D:7      | Reached ***** piety under Trog
  7107 | D:7      | Reached skill level 10 in Axes
  7206 | D:7      | Found a bloodstained altar of Trog.
  7311 | D:7      | Found a staircase to the Ecumenical Temple.
  7382 | D:8      | Found a shattered altar of Ashenzari.
  7388 | D:8      | Found a staircase to the Lair.
  7428 | D:8      | Found a sand-covered staircase.
  7434 | Ossuary  | Entered an ossuary
  7726 | D:8      | Reached XP level 10. HP: 82/94 MP: 9/9
  7761 | D:8      | Reached skill level 1 in Shields
  7789 | D:8      | Reached skill level 2 in Shields
  7816 | D:8      | Reached skill level 3 in Shields
  7934 | D:8      | Reached skill level 4 in Shields
  8046 | D:8      | Reached skill level 5 in Shields
  8560 | Lair:1   | Entered Level 1 of the Lair of Beasts
  8646 | Lair:1   | Reached skill level 6 in Shields
  8753 | Lair:1   | Reached skill level 7 in Shields
  8895 | Lair:1   | Reached skill level 8 in Shields
  9121 | Lair:1   | Reached skill level 9 in Shields
  9319 | Lair:2   | Noticed a spiny frog
  9326 | Lair:2   | Killed a spiny frog
  9450 | Lair:2   | Reached skill level 10 in Shields
  9454 | Lair:2   | Noticed a black mamba
  9461 | Lair:2   | Killed a black mamba
  9633 | Lair:2   | Reached XP level 11. HP: 49/101 MP: 10/10
  9642 | Lair:2   | Reached skill level 11 in Shields
  9746 | Lair:2   | Found a frozen archway.
  9762 | Lair:2   | Received a gift from Trog
 10005 | Lair:2   | Reached skill level 12 in Shields
 10466 | Lair:3   | Found a staircase to the Shoals.
 10529 | Lair:3   | Noticed a four-headed hydra
 10538 | Lair:3   | HP: 5/153 [seven-headed hydra (8)]
 10539 | Lair:3   | Mangled by an eight-headed hydra

Skill      XL: |  1  2  3  4  5  6  7  8  9 10 11 |
---------------+----------------------------------+-----
Fighting       | 4 5 6 7 9 10 11 | 11.1
Axes           | 4 5 6 7 8 10 11 | 11.0
Armour         | 3 4 5 6 7 |  7.6
Dodging        | 3 4 5 6 7 |  7.1
Shields        | 10 12 | 12.2

Action                   |  1- 3 |  4- 6 |  7- 9 | 10-12 || total
-------------------------+-------+-------+-------+-------++-------
Melee: Hand axe          |    65 |    86 |   271 |       ||   422
       Headbutt          |    13 |    14 |    81 |    51 ||   159
       War axe           |       |       |   200 |   218 ||   418
       Broad axe         |       |       |       |    72 ||    72
Invok: Berserk           |       |     1 |     5 |     1 ||     7
       Burn Spellbooks   |       |     1 |     1 |     1 ||     3
       Trog's Hand       |       |       |     1 |     2 ||     3
Evoke: Wand              |       |       |       |     1 ||     1
 Stab: Sleeping          |       |     1 |       |       ||     1
  Eat: Chunk             |     1 |     5 |    15 |    10 ||    31
       Meat ration       |       |       |     1 |       ||     1
       Beef jerky        |       |       |     1 |       ||     1
Armor: Animal skin       |    13 |    19 |    19 |       ||    51
       Ring mail         |       |       |    84 |    82 ||   166
Dodge: Dodged            |    45 |    59 |   279 |   215 ||   598
Block: Shield            |       |       |       |    51 ||    51
